Map: Base du roi Sejong EC

Players

zidar - Winner!

  • Race: Zerg Zerg
  • League: Gold
  • Spawn Location: 11:00

voty

  • Race: Protoss Protoss
  • League: Gold
  • Spawn Location: 5:00

VOD

Have the link to the VOD?

Description

Time

  • Played on: July 1, 2016, 12:10 p.m.
  • Length: 13:55
Show
View Real Time Build Order
Export as new Build Order

zidar Zerg - Winner!

Build Orders: Pool First 

Get SALT Encoding   

  12  0:02  Drone  
  13  0:09  Drone  
  14  0:28  Overlord  
  14  0:36  Extractor, Drone  
  14  0:37  Extractor, Drone  
  14  0:49  Spawning Pool  
  16  0:50  Drone  
  16  1:13  Hatchery  
  16  1:16  Drone  
  16  1:19  Extractor  
  16  1:20  Drone  
  16  1:35  Queen  
  18  1:40  Drone  
  19  1:48  Drone  
  20  1:54  Overlord  
  20  1:57  Drone  
  21  2:01  Drone  
  22  2:13  Queen  
  24  2:16  Drone  
  24  2:21  Metabolic Boost  
  25  2:30  Drone x2  
  27  2:52  Drone x6  
  27  2:57  Extractor  
  32  3:27  Roach Warren  
  32  3:29  Drone x5  
  32  3:30  Hatchery  
  35  3:39  Zergling x2  
  36  3:41  Overlord  
  36  3:42  Overlord  
  35  3:58  Lair  
  35  4:07  Queen  
  37  4:13  Zergling x4  
  37  4:14  Zergling x12  
  45  4:17  Drone  
  45  4:19  Drone  
  45  4:20  Drone  
  45  4:22  Drone  
  49  4:30  Evolution Chamber  
  48  4:34  Evolution Chamber  
  47  4:53  Drone x5  
  47  4:54  Drone x5  
  47  4:57  Extractor  
  56  5:02  Zerg Ground Armor Level 1  
  56  5:03  Zerg Missile Weapons Level 1  
  56  5:09  Hydralisk Den  
  56  5:13  Glial Reconstitution  
  55  5:16  Roach  
  55  5:18  Overlord  
  52  5:42  Queen  
  52  5:44  Drone x6  
  52  5:45  Drone x4  
  60  5:53  Hydralisk x2  
  64  6:05  Drone x2  
  64  6:32  Roach  
  63  6:33  Roach x2  
  63  6:34  Overlord  
  63  6:35  Overlord x2  
  61  6:57  Roach  
  61  6:58  Roach x7  
  77  7:19  Extractor  
  77  7:20  Hydralisk x7  
  90  7:24  Extractor  
  89  7:37  Extractor  
  89  7:38  Drone x2  
  89  7:41  Overlord x4  
  90  8:00  Hydralisk  
  90  8:01  Hydralisk x7  
  106  8:07  Drone  
  106  8:10  Muscular Augments  
  107  8:13  Zerg Missile Weapons Level 2  
  93  8:59  Hydralisk x10  
  113  9:07  Overlord x4  
  113  9:08  Overlord x2  
  85  9:53  Hydralisk x10  
  91  10:01  Queen  
  93  10:28  Hydralisk  
  93  10:29  Hydralisk x8  
  93  10:33  Zerg Ground Armor Level 2  
  110  10:43  Infestation Pit  
  107  10:59  Hydralisk  
  107  11:00  Hydralisk x7  
  123  11:09  Roach x3  
  123  11:10  Roach  
  131  11:23  Drone  
  131  11:24  Overseer  
  132  11:33  Hydralisk x2  
  132  11:34  Hydralisk x3  
  142  11:41  Drone x4  
  104  12:41  Hydralisk  
  104  12:42  Hydralisk x16  
Show
View Real Time Build Order
Export as new Build Order

voty Protoss 

Build Orders: 1 Gate Expand 

Get SALT Encoding   

  12  0:01  Probe (Chrono Boost)  
  13  0:11  Probe (Chrono Boost)  
  14  0:23  Probe (Chrono Boost)  
  15  0:28  Pylon  
  15  0:47  Probe (Chrono Boost)  
  16  0:52  Gateway  
  16  0:57  Probe (Chrono Boost)  
  17  1:08  Probe (Chrono Boost)  
  18  1:23  Nexus  
  18  1:24  Probe (Chrono Boost)  
  19  1:32  Assimilator  
  19  1:35  Assimilator  
  19  1:38  Probe (Chrono Boost)  
  20  1:51  Probe (Chrono Boost), Cybernetics Core  
  21  1:55  Zealot  
  23  2:02  Pylon  
  23  2:15  Forge  
  23  2:20  Probe (Chrono Boost)  
  24  2:30  Probe (Chrono Boost)  
  24  2:36  Probe (Chrono Boost)  
  26  2:40  Stalker  
  26  2:41  Probe (Chrono Boost)  
  29  2:47  Probe (Chrono Boost)  
  29  2:49  Photon Cannon  
  30  2:51  Probe (Chrono Boost)  
  30  2:58  Probe (Chrono Boost)  
  32  3:02  Mothership Core (Chrono Boost)  
  34  3:08  Probe (Chrono Boost)  
  34  3:11  Pylon  
  35  3:16  Sentry  
  38  3:20  Probe (Chrono Boost)  
  38  3:21  Probe (Chrono Boost)  
  39  3:30  Probe (Chrono Boost)  
  40  3:36  Probe (Chrono Boost)  
  40  3:38  Stargate  
  42  3:41  Probe (Chrono Boost)  
  42  3:48  Warp Gate  
  42  3:50  Probe (Chrono Boost)  
  42  3:52  Assimilator  
  43  3:55  Assimilator  
  43  3:56  Probe (Chrono Boost)  
  44  4:03  Gateway, Stalker  
  44  4:04  Gateway  
  44  4:08  Probe x2 (Chrono Boost)  
  48  4:22  Probe x2 (Chrono Boost)  
  48  4:23  Oracle  
  50  4:28  Pylon  
  53  4:33  Probe (Chrono Boost), Pylon  
  54  4:41  Protoss Ground Weapons Level 1 (Chrono Boost)  
  54  4:47  Sentry, Probe x2 (Chrono Boost)  
  58  4:57  Probe (Chrono Boost)  
  59  5:00  Gateway  
  59  5:02  Gateway  
  59  5:04  Phoenix  
  59  5:06  Probe (Chrono Boost)  
  62  5:09  Probe (Chrono Boost)  
  63  5:17  Probe (Chrono Boost)  
  63  5:20  Probe (Chrono Boost)  
  65  5:33  Probe x2 (Chrono Boost)  
  67  5:39  Nexus  
  67  5:44  Probe (Chrono Boost)  
  68  5:52  Pylon  
  68  5:54  Pylon  
  68  5:57  Assimilator  
  68  6:02  Assimilator  
  68  6:09  Void Ray  
  72  6:14  Photon Cannon  
  72  6:16  Photon Cannon  
  72  6:17  Stalker x2  
  72  6:18  Photon Cannon, Stalker  
  78  6:20  Photon Cannon  
  78  6:29  Probe  
  78  6:31  Probe  
  80  6:33  Protoss Ground Armor Level 1 (Chrono Boost)  
  80  6:39  Probe  
  80  6:43  Probe  
  80  6:46  Stalker  
  84  6:47  Stalker  
  84  6:50  Probe  
  84  6:52  Void Ray  
  84  6:53  Probe  
  91  6:55  Probe  
  91  7:00  Probe  
  93  7:04  Probe  
  93  7:05  Stalker  
  93  7:07  Probe  
  98  7:14  Robotics Facility  
  98  7:17  Pylon  
  98  7:19  Pylon  
  98  7:20  Pylon  
  98  7:27  Twilight Council  
  98  7:30  Pylon  
  98  7:31  Stalker  
  100  7:38  Pylon  
  100  7:42  Pylon  
  100  7:43  Stalker x2  
  100  7:44  Stalker x2, Pylon  
  104  7:47  Pylon  
  108  8:04  Probe x2  
  108  8:06  Probe  
  108  8:12  Stalker x2  
  113  8:13  Stalker x2  
  117  8:35  Pylon  
  108  8:48  Stalker x3  
  102  8:49  Stalker x2  
  102  8:53  Immortal (Chrono Boost)  
  102  8:54  Void Ray  
  114  9:01  Probe  
  114  9:03  Protoss Ground Armor Level 2  
  114  9:09  Charge (Chrono Boost)  
  114  9:14  Zealot x3  
  114  9:15  Zealot  
  108  9:35  Stalker x5  
  116  9:51  Probe  
  108  9:52  Probe  
  108  9:53  Probe  
  103  10:00  Zealot x3  
  103  10:01  Probe, Zealot x2  
  103  10:05  Probe  
  115  10:12  Immortal  
  119  10:23  Forge  
  119  10:30  Gateway  
  119  10:31  Gateway  
  119  10:35  Gateway  
  119  10:36  Pylon  
  119  10:37  Pylon  
  119  10:38  Pylon  
  119  10:39  Pylon x2, Blink (Chrono Boost)  
  111  10:46  Immortal  
  103  10:59  Stalker x2  
  103  11:00  Stalker x3  
  113  11:04  Probe  
  113  11:06  Probe x2  
  116  11:14  Mothership Core  
  118  11:24  Templar Archives  
  118  11:35  Stalker  
  118  11:36  Stalker  
  118  11:39  Stalker x4  
  130  11:40  Stalker x2  
  130  11:41  Immortal  
  130  11:42  Probe  
  130  11:43  Probe x2  
  141  11:52  Probe  
  141  11:53  Nexus  
  142  11:55  Probe, Pylon  
  142  11:58  Pylon  
  141  12:02  Assimilator  
  141  12:06  Assimilator  
  116  12:20  High Templar  
  116  12:22  High Templar x5  
  116  12:23  High Templar  
  107  12:42  Archon x3  
  106  12:53  Photon Cannon  
  104  12:59  High Templar x5  
  104  13:00  High Templar x2  
  73  13:34  Zealot x5  
  69  13:35  Zealot  
  78  13:46  Archon x3  
Tags
 
Add a new tag
Caveats
  • Supply blocks, unpowered buildings, or Contaminate may cause inaccurate times.
  • Supply counts are checked every 10 seconds.